 Seeded DCSS version 0.30-a0-368-g86fb4627a9 (webtiles) character file.

Game seed: 4866231847754521613 (custom seed)

252 purpskrrrp the Chopper (level 5, -3/51 HPs)
             Began as a Minotaur Monk on Nov 18, 2022.
             Slain by Duvessa
             ... wielding a +2 short sword of venom
              (11 damage)
             ... on level 4 of the Dungeon.
             The game lasted 00:03:17 (2561 turns).

purpskrrrp the Chopper (Minotaur Monk)              Turns: 2561, Time: 00:03:17

Health: -3/51      AC:  7    Str: 18    XL:     5   Next: 89%
Magic:  4/4        EV: 13    Int:  7    God:
Gold:   254        SH:  0    Dex: 15    Spells: 4/4 levels left

rFire   . . .      SeeInvis .    a - +0 hand axe
rCold   . . .      Faith    .    (no shield)
rNeg    . . .      Spirit   .    b - +0 robe
rPois   +          Reflect  .    (helmet restricted)
rElec   .          Harm     .    (no cloak)
rCorr   .          Rampage  .    k - +4 pair of gloves of the Quahog {*Corrode rPois Dex+3}
Will    .....      Clarity  +    (no boots)
Stlth   +.........               (no amulet)
HPRegen 0.28/turn                (no ring)
MPRegen 0.09/turn                (no ring)

@: confused, lethally poisoned (-3 -> -9), ambrosia-drunk, studying Dodging
A: horns 2, retaliatory headbutt, clarity, robust 1
a: no special abilities


You were on level 4 of the Dungeon.
You visited 1 branch of the dungeon, and saw 4 of its levels.

You collected 254 gold pieces.

Inventory:

Hand Weapons
 a - a +0 hand axe (weapon)
Armour
 b - a +0 robe (worn)
 k - the +4 pair of gloves of the Quahog (worn) {*Corrode rPois Dex+3}
   (You acquired it on level 1 of the Dungeon)

   Dex:       It affects your dexterity (+3).
   rPois:     It protects you from poison.
   *Corrode:  It may corrode you when you take damage.
Jewellery
 j - a ring of ice
 m - a ring of see invisible
Wands
 r - a wand of flame (15)
Scrolls
 f - 2 scrolls of enchant armour {unknown}
 g - 3 scrolls of teleportation {unknown}
 h - 6 scrolls of identify {unknown}
 i - 2 scrolls of magic mapping {unknown}
 o - 2 scrolls of poison {unknown}
 p - a scroll of noise {unknown}
 t - a scroll of brand weapon {unknown}
 u - a scroll of amnesia {unknown}
 v - a scroll of torment {unknown}
Potions
 d - a potion of mutation
 e - 2 potions of degeneration {unknown}
 l - 3 potions of lignification {unknown}
 n - a potion of attraction {unknown}
 q - a potion of resistance {unknown}
 s - a potion of curing {unknown}
 w - 2 potions of haste {unknown}


   Skills:
 + Level 4.9 Fighting
 * Level 6.1 Axes
 + Level 2.5 Armour
 + Level 4.2 Dodging
 - Level 1.6 Stealth


You had 4 spell levels left.
You didn't know any spells.
Your spell library was empty.

Dungeon Overview and Level Annotations

Branches:
Dungeon (4/15)
 Temple: D:4-7

Altars:
Hepliaklqana

Annotations:
D:4 Duvessa, Natasha


Innate Abilities, Weirdness & Mutations

You have a pair of horns on your head.
You reflexively headbutt those who attack you in melee.
You possess an exceptional clarity of mind.
You are robust. (+10% HP)


Message History

Duvessa is moderately wounded.
You slash Natasha!
You feel very sick.
Natasha mewls in sadness.
Natasha claws you.
Duvessa hits you with a +2 short sword of venom!
* * * LOW HITPOINT WARNING * * *
You are too injured to fight recklessly!
You are too injured to fight recklessly!
You are too injured to fight recklessly!
You are too injured to fight recklessly!
You are too injured to fight recklessly!
You are too injured to fight recklessly!
You are too injured to fight recklessly!
You are too injured to fight recklessly!
You are too injured to fight recklessly!
You are too injured to fight recklessly!
You are too injured to fight recklessly!
You are too injured to fight recklessly!
You are too injured to fight recklessly!
You are too injured to fight recklessly!
You are too injured to fight recklessly!
You are too injured to fight recklessly!
You are too injured to fight recklessly!
You are too injured to fight recklessly!
You are too injured to fight recklessly!
You are too injured to fight recklessly!
You are too injured to fight recklessly!
You are too injured to fight recklessly!
You are too injured to fight recklessly!
You are too injured to fight recklessly!
You are too injured to fight recklessly!
You are too injured to fight recklessly!
You are too injured to fight recklessly!
You are confused.
You feel invigorated.
* * * LOW HITPOINT WARNING * * *
You feel sick.
Duvessa hits you with a +2 short sword of venom!
You die...

..............#
.............##
............##
#####...######
#...###..##
#.........#
#...###.#.#
#>[.###.# ..
#......@# ...
###.##he# ...
#.##.5. #.
#......5
####.##.# .. ..
.. ... ... #.#


You could see Duvessa (berserk), Natasha, a white imp (summoned) and a shadow
imp (summoned).

Vanquished Creatures
  Dowan (D:4)
  An orc wizard (D:3)
  An iguana (D:2)
  Natasha (D:4)
  4 adders
  2 dart slugs (D:1)
  9 orcs
  7 endoplasms
  2 giant cockroaches (D:3)
  6 goblins
  7 hobgoblins
  4 jackals (D:1)
  7 kobolds
  2 quokkas
  5 ball pythons
  10 bats
  A frilled lizard (D:1)
  7 rats
77 creatures vanquished.

Notes
Turn   | Place    | Note
-------+----------+-------------------------------------------
     0 | D:1      | purpskrrrp the Minotaur Monk began the quest for the Orb.
     0 | D:1      | Reached XP level 1. HP: 19/19 MP: 0/0
   149 | D:1      | Reached skill level 4 in Axes
   149 | D:1      | Reached XP level 2. HP: 27/27 MP: 1/1
   371 | D:1      | Reached XP level 3. HP: 28/33 MP: 2/2
   693 | D:1      | Identified a scroll of acquirement
   693 | D:1      | Acquired the +4 pair of gloves of the Quahog {*Corrode
                  | rPois Dex+3}
   935 | D:2      | Reached skill level 5 in Axes
   935 | D:2      | Reached skill level 1 in Armour
   935 | D:2      | Reached XP level 4. HP: 40/40 MP: 3/3
  1030 | D:2      | Gained mutation: Your body sometimes deteriorates upon
                  | taking damage. [potion of mutation]
  1030 | D:2      | Gained mutation: A frigid envelope surrounds you and
                  | freezes all who hurt you. [potion of mutation]
  1031 | D:2      | Lost mutation: A frigid envelope surrounds you and freezes
                  | all who hurt you. [potion of mutation]
  1031 | D:2      | Lost mutation: Your body sometimes deteriorates upon taking
                  | damage. [potion of mutation]
  1031 | D:2      | Gained mutation: You possess an exceptional clarity of
                  | mind. [potion of mutation]
  1031 | D:2      | Gained mutation: You are robust. (+10% HP) [potion of
                  | mutation]
  1555 | D:3      | Found a faded altar of an unknown god.
  1804 | D:3      | Found a hazy altar of Hepliaklqana.
  2205 | D:3      | Reached XP level 5. HP: 40/51 MP: 4/4
  2358 | D:3      | Acquired a manual of Dodging
  2375 | D:4      | Noticed Natasha
  2385 | D:4      | Killed Natasha
  2549 | D:4      | Noticed Dowan
  2551 | D:4      | Noticed Duvessa
  2552 | D:4      | Noticed Natasha
  2556 | D:4      | Killed Dowan
  2557 | D:4      | Reached skill level 6 in Axes
  2561 | D:4      | Slain by Duvessa

Illustrated notes

Levels and vault maps discovered:
D:1:      dpeg_arrival_arbitrary_c, layout_basic
D:2:      layout_loops_ring, kennysheep_minor_cross
D:3:      minmay_chambers_of_twos, layout_loops_ring, overflow_temple_1_default,
          ebering_ecumenical_altar_petrified
D:4:      layout_loops_cross, gammafunk_temple_overflow_elements, dk_vineyard_3,
          uniq_grinder, uniq_natasha, uniq_duvessa

Skill      XL: |  1  2  3  4  5 |
---------------+----------------+-----
Axes           | 4 5 6 |  6.1
Fighting       | 4 |  4.9
Armour         | 1 2 |  2.5
Dodging        | 4 |  4.2
Stealth        | |  1.6

Action                   |  1- 3 |  4- 6 || total
-------------------------+-------+-------++-------
Melee: Hand axe          |    67 |    92 ||   159
       Headbutt          |    12 |    16 ||    28
       Punch             |       |     1 ||     1
  Use: Scroll            |     1 |     1 ||     2
       Potion            |       |     3 ||     3
 Stab: Sleeping          |     1 |     5 ||     6
Armor: Robe              |    17 |    19 ||    36
Dodge: Dodged            |    67 |    57 ||   124

Table legend: (Time is in decaauts)
 A = Elapsed time spent in this place.
 B = Non-inter-level travel time spent in this place.
 C = Inter-level travel time spent in this place.
 D = Time resting spent in this place.
 E = Time spent auto-exploring this place.
 F = Levels seen in this place.
 G = Mean time per level.
                   A        B        C        D        E       F      G
               +--------+--------+--------+--------+--------+-----+--------+
         Total |   2568 |   2464 |    104 |      0 |   2050 |   4 |  642.0 |
       Dungeon |   2568 |   2464 |    104 |      0 |   2050 |   4 |  642.0 |
               +--------+--------+--------+--------+--------+-----+--------+

Top non-repeatable levels by time:
     D:3: 874 daAuts
     D:1: 770 daAuts
     D:2: 737 daAuts
     D:4: 185 daAuts
